[Event "Titled Tuesday Blitz November 01 Late 2022"]
[White "Abdyzhapar, Asylbek"]
[Black "Goncalves, Davi Sulzbacher"]
[WhiteFideId "13800337"]
[BlackFideId "2154510"]
[WhiteElo "2746"]
[BlackElo "2494"]
[Result "0-1"]
[Round "04"]
[TimeControl "180+1"]
[Date "2022.11.02"]
[WhiteClock "0:00:44"]
[BlackClock "0:00:03"]

1. c4 Nf6 2. g3 c5 3. Bg2 g6 4. Nf3 Bg7 5. O-O O-O 6. b3 d5 7. Bb2 d4 8. e3 Nc6 9. exd4 cxd4 10. Re1 Bf5 11. d3 Nd7 12. Nh4 Be6 13. a3 a5 14. Nd2 Qb6 15. Rb1 Nc5 16. Qc2 g5 17. Nhf3 Bf5 18. Bf1 h6 19. Bc1 e6 20. h4 g4 21. Nh2 Ne5 22. Ne4 Bxe4 23. dxe4 d3 24. Qd1 Rfd8 25. Bd2 h5 26. b4 axb4 27. axb4 Na4 28. c5 Qc6 29. Bg2 b6 30. cxb6 Nxb6 31. b5 Qc2 32. Rc1 Qxd1 33. Rexd1 Nbc4 34. Bf4 Rab8 35. Rxc4 Nxc4 36. Bxb8 Rxb8 37. Rxd3 Rxb5 38. Nf1 Bh6 39. Rc3 Rb4 40. Rc2 Kg7 41. Nh2 Kf6 42. Bf1 Nd2 43. Bd3 Nxe4 44. Kg2 Nd2 45. Ra2 Rb3 46. Bc2 Rc3 47. Bh7 Nc4 48. Nf1 Ra3 49. Rc2 Nd6 50. Nd2 Ke7 51. Ne4 Nxe4 52. Bxe4 f5 53. Bb7 f4 54. Bc8 f3+ 55. Kh2 e5 56. Rc6 Be3 57. fxe3 Rxe3 58. Ba6 Re1 59. Rc2 e4 60. Rc7+ Kd6 61. Rc2 e3 62. Bb5 Ke5 63. Ba6 Kd5 64. Ra2 e2 65. Bxe2 Rxe2+ 66. Rxe2 fxe2 0-1


[Site "https://www.chess.com"]

[Event "Titled Tuesday Blitz November 01 Late 2022"]
[White "Aghasiyev, Kamal"]
[Black "Ansh M Shah"]
[WhiteFideId "13402854"]
[BlackFideId "25033379"]
[WhiteElo "2341"]
[BlackElo "2084"]
[Result "1-0"]
[Round "04"]
[TimeControl "180+1"]
[Date "2022.11.02"]
[WhiteClock "0:00:14"]
[BlackClock "0:00:43"]

1. d4 Nf6 2. Bg5 h6 3. Bxf6 exf6 4. e4 d5 5. exd5 Qxd5 6. Nf3 Bg4 7. Be2 Bd6 8. h3 Bh5 9. O-O O-O 10. c4 Qc6 11. Nc3 b6 12. Nd5 Nd7 13. Nh4 Bxe2 14. Qxe2 Rae8 15. Qd3 b5 16. Qf3 Kh8 17. cxb5 Qxb5 18. Nf5 Qe2 19. Rac1 Qxf3 20. gxf3 Re2 21. Nxc7 Bf4 22. Rc4 Rxb2 23. d5 Bxc7 24. Rxc7 Nb6 25. d6 Rxa2 26. Rd1 Ra5 27. Ne3 f5 28. d7 Nxd7 29. Rdxd7 f4 30. Nd5 g5 31. h4 Kg7 32. Kg2 Kg6 33. Kh3 Ra2 34. Rd6+ Kg7 35. h5 Kh7 36. Nf6+ Kg7 37. Ng4 a5 38. Rg6+ Kh7 39. Rxh6+ Kg7 40. Rg6+ Kh7 41. Nf6+ Kh8 42. Rxf7 Rxf7 43. Rg8# 1-0


[Site "https://www.chess.com"]

[Event "Titled Tuesday Blitz November 01 Late 2022"]
[White "Aguilar, Juan"]
[Black "Yi, Richard"]
[WhiteFideId "3800091"]
[BlackFideId "2079518"]
[WhiteElo "2426"]
[BlackElo "2147"]
[Result "1-0"]
[Round "04"]
[TimeControl "180+1"]
[Date "2022.11.02"]
[WhiteClock "0:02:20"]
[BlackClock "0:02:05"]

1. d4 Nf6 2. c4 g6 3. Nc3 d5 4. cxd5 Nxd5 5. e4 Nxc3 6. bxc3 Bg7 7. Bc4 c5 8. Ne2 Nc6 9. Be3 O-O 10. h4 cxd4 11. cxd4 Qa5+ 12. Kf1 Rd8 13. Qb3 e6 14. e5 Rb8 15. h5 Nb4 16. hxg6 hxg6 17. Bg5 Rd7 18. Qh3 Nc2 19. Qh7+ Kf8 20. Qxg7+ Kxg7 21. Bf6+ Kg8 22. Rh8# 1-0


[Site "https://www.chess.com"]

[Event "Titled Tuesday Blitz November 01 Late 2022"]
[White "Ali Abdullahi, Farah"]
[Black "Harvey, Marcus R"]
[WhiteFideId "16100212"]
[BlackFideId "400092"]
[WhiteElo "2289"]
[BlackElo "2457"]
[Result "0-1"]
[Round "04"]
[TimeControl "180+1"]
[Date "2022.11.02"]
[WhiteClock "0:00:45"]
[BlackClock "0:01:55"]

1. d4 Nf6 2. Nf3 g6 3. Bg5 Bg7 4. c4 O-O 5. Nc3 c5 6. Bxf6 Bxf6 7. e3 Bg7 8. Be2 b6 9. O-O Bb7 10. d5 e6 11. e4 Bxc3 12. bxc3 d6 13. Qd2 e5 14. Qh6 Qf6 15. Ng5 Qg7 16. Qxg7+ Kxg7 17. f4 h6 18. Nh3 exf4 19. Rxf4 Nd7 20. Raf1 Ne5 21. R4f2 Ba6 22. Nf4 Bxc4 23. Bxc4 Nxc4 24. Nd3 Rae8 25. Re1 f5 26. exf5 Rxe1+ 27. Nxe1 Rxf5 28. Re2 Kf7 29. Re4 Re5 30. Rxe5 dxe5 31. Kf2 Ke7 32. Kf3 Kd6 33. Ke4 Nd2+ 34. Kd3 Nf1 35. c4 Nxh2 36. Ke4 Ng4 37. Nf3 Nf6+ 38. Ke3 g5 39. g3 b5 40. cxb5 Nxd5+ 41. Ke4 Nc3+ 42. Kf5 Nxb5 43. Nxe5 Kd5 44. Nf7 Nd6+ 45. Nxd6 Kxd6 46. Ke4 h5 0-1


[Site "https://www.chess.com"]

[Event "Titled Tuesday Blitz November 01 Late 2022"]
[White "Annaberdiyev, Babageldi"]
[Black "Maksimovic, Bojan"]
[WhiteFideId "14000385"]
[BlackFideId "14408120"]
[WhiteElo "2332"]
[BlackElo "2447"]
[Result "0-1"]
[Round "04"]
[TimeControl "180+1"]
[Date "2022.11.01"]
[WhiteClock "0:00:29"]
[BlackClock "0:00:10"]

1. e4 g6 2. d4 Bg7 3. Be3 d6 4. Qd2 a6 5. Nc3 b5 6. a4 b4 7. Nd5 a5 8. h4 e6 9. Nf4 Bb7 10. f3 h6 11. O-O-O Qd7 12. Ngh3 Qxa4 13. Kb1 Ne7 14. g4 Nd7 15. Nf2 Qc6 16. d5 exd5 17. Nxd5 Nxd5 18. exd5 Qa4 19. Bd4 b3 20. cxb3 Qxd4 21. Qxd4 Bxd4 22. Rxd4 Nb6 23. Bb5+ Kd8 24. Rhd1 Bc8 25. Ne4 f5 26. Nd2 fxg4 27. fxg4 h5 28. gxh5 Bf5+ 29. Kc1 Rxh5 30. Bc6 Rb8 31. Re1 Bd7 32. Rde4 Rh8 33. Re7 Bxc6 34. dxc6 Nd5 35. Rd7+ Kc8 36. Rh7 Rd8 37. Kb1 Rb6 38. Rc1 Nb4 39. Rg7 Nxc6 40. Rxg6 Ne5 41. Rg5 Rb4 42. Nc4 Nxc4 43. bxc4 a4 44. Ka2 Kd7 45. h5 Rdb8 46. Rc2 Rh8 47. Rg7+ Kc6 48. Rh2 Rh6 49. Rg6 Rh7 50. h6 Rxc4 51. Rg7 Rxg7 52. hxg7 Rg4 53. Rh7 Kb6 54. Ka3 c5 55. Rh6 Kc6 56. Rh7 d5 57. Rh6+ Kb5 58. Rh4 Rg3+ 59. Ka2 Rxg7 60. Rh5 d4 61. b3 Rg2+ 62. Ka3 Rg3 63. Ka2 axb3+ 0-1


[Site "https://www.chess.com"]

[Event "Titled Tuesday Blitz November 01 Late 2022"]
[White "Antonio, Jorge Carlos"]
[Black "Petrova, Irina"]
[WhiteFideId "113190"]
[BlackFideId "14124122"]
[WhiteElo "2247"]
[BlackElo "2023"]
[Result "0-1"]
[Round "04"]
[TimeControl "180+1"]
[Date "2022.11.02"]
[WhiteClock "0:00:19"]
[BlackClock "0:00:07"]

1. d4 d6 2. Nf3 g6 3. Bg5 Bg7 4. h4 h6 5. Bf4 Nd7 6. e3 e5 7. Bg3 Ne7 8. dxe5 dxe5 9. e4 O-O 10. Nc3 c6 11. Bc4 Qc7 12. O-O Nc5 13. a3 Be6 14. Qe2 Rad8 15. Rad1 Bxc4 16. Qxc4 Ne6 17. Rxd8 Rxd8 18. Rd1 Rxd1+ 19. Nxd1 Nf4 20. Bxf4 exf4 21. e5 Bxe5 22. Qc5 Bf6 23. Qxa7 Nf5 24. Nc3 Nxh4 25. Nxh4 Bxh4 26. Qd4 Be7 27. Ne4 Qd8 28. Qe5 Kh7 29. Qxf4 Qd1+ 30. Kh2 f5 31. Qc7 Qd8 32. Qxd8 Bxd8 33. Nc5 Bc7+ 34. Kg1 b6 35. Ne6 Bd6 36. b4 Kg8 37. Kf1 Kf7 38. Nd8+ Kf6 39. Nxc6 Ke6 40. Ke2 Kd5 41. Nd8 g5 42. Kd3 Be7 43. Nf7 h5 44. c4+ Ke6 45. a4 Kxf7 46. a5 bxa5 47. bxa5 Bc5 48. a6 Ke6 49. f3 g4 50. Kc3 gxf3 51. gxf3 h4 52. Kd3 h3 53. Ke2 h2 0-1


[Site "https://www.chess.com"]

[Event "Titled Tuesday Blitz November 01 Late 2022"]
[White "Araujo Sanchez, Josue"]
[Black "McConnell, Griffin"]
[WhiteFideId "6416896"]
[BlackFideId "30942551"]
[WhiteElo "2370"]
[BlackElo "2340"]
[Result "1-0"]
[Round "04"]
[TimeControl "180+1"]
[Date "2022.11.02"]
[WhiteClock "0:02:32"]
[BlackClock "0:01:03"]

1. Nf3 Nf6 2. g3 b6 3. Bg2 Bb7 4. O-O e6 5. c4 Be7 6. d4 O-O 7. d5 exd5 8. Nh4 c6 9. cxd5 Nxd5 10. Nf5 Nf6 11. e4 d5 12. Nc3 Nxe4 13. Nxe4 dxe4 14. Qg4 g6 15. Rd1 Nd7 16. Rxd7 Qe8 17. Rxe7 Qd8 18. Rxb7 Kh8 19. Bh6 Rg8 20. Rxf7 Qc8 21. Qg5 1-0


[Site "https://www.chess.com"]

[Event "Titled Tuesday Blitz November 01 Late 2022"]
[White "Azarov, Sergei"]
[Black "Mendez Fortes, Eduardo Jesus"]
[WhiteFideId "13501470"]
[BlackFideId "3502376"]
[WhiteElo "2763"]
[BlackElo "2538"]
[Result "1-0"]
[Round "04"]
[TimeControl "180+1"]
[Date "2022.11.02"]
[WhiteClock "0:00:04"]
[BlackClock "0:00:06"]

1. e4 e5 2. Nf3 Nc6 3. Bb5 Nf6 4. O-O Nxe4 5. d4 Nd6 6. dxe5 Nxb5 7. a4 Nbd4 8. Nxd4 d5 9. Nxc6 bxc6 10. Qd3 Qd7 11. Nd2 Be7 12. Nf3 O-O 13. Bg5 Bxg5 14. Nxg5 Qf5 15. Nf3 Qxd3 16. cxd3 Ba6 17. Rfc1 Bxd3 18. Nd4 Rae8 19. Ra3 Bc4 20. b3 Bd3 21. Nxc6 f6 22. exf6 Rxf6 23. Nb4 Be4 24. f3 Rb6 25. Nc6 Bg6 26. a5 Ra6 27. b4 d4 28. b5 d3 29. Rd1 Rxc6 30. bxc6 Re6 31. Rc3 Re5 32. Rb3 Rc5 33. Rb7 Rxc6 34. Rxa7 Kf7 35. a6 Ke6 36. Ra8 Kd7 37. Kf2 Rc2+ 38. Kg3 Ra2 39. h4 h5 40. Rg8 Rxa6 41. Rxg7+ Kc8 42. Kf4 c5 43. g4 hxg4 44. fxg4 c4 45. h5 Be8 46. Rg5 Rc6 47. Ke3 Re6+ 48. Kd4 Bf7 49. Kc3 Re2 50. Rc5+ Kd7 51. Rf5 Be6 52. Rf4 Rc2+ 53. Kd4 Rh2 54. Kc3 Rc2+ 55. Kd4 Rh2 56. Re4 Kd6 57. Rde1 Bd5 58. Re5 Bc6 59. Re6+ Kd7 60. Kxc4 d2 61. Re7+ Kd6 62. R1e6# 1-0


[Site "https://www.chess.com"]

[Event "Titled Tuesday Blitz November 01 Late 2022"]
[White "Baglan, Esat"]
[Black "Bluebaum, Matthias"]
[WhiteFideId "6309216"]
[BlackFideId "24651516"]
[WhiteElo "2616"]
[BlackElo "2924"]
[Result "0-1"]
[Round "04"]
[TimeControl "180+1"]
[Date "2022.11.02"]
[WhiteClock "0:00:17"]
[BlackClock "0:00:05"]

1. e4 e6 2. d4 d5 3. e5 c5 4. c3 Nc6 5. Nf3 Qb6 6. Be2 cxd4 7. cxd4 Nge7 8. Na3 Nf5 9. Nc2 Bd7 10. O-O Na5 11. b4 Nc4 12. a4 Rc8 13. b5 Be7 14. Bf4 a6 15. bxa6 Qxa6 16. Ne3 Nfxe3 17. fxe3 h6 18. Nd2 O-O 19. Bd3 Qa5 20. Qg4 f5 21. exf6 Rxf6 22. Nf3 Qc3 23. Bxc4 Rxc4 24. Ne5 Rc7 25. Ng6 Bd8 26. Bxc7 Qxc7 27. Ne5 Qd6 28. a5 Be8 29. Rac1 Rxf1+ 30. Rxf1 Kh7 31. Qe2 Bxa5 32. Qc2+ Kg8 33. Qc8 Qe7 34. Rf7 Qd8 35. Qxe6 Bxf7 36. Nxf7 Qb6 37. Nd6+ Kh7 38. Qf5+ Kh8 39. Qf8+ Kh7 40. Ne8 Qb1+ 41. Kf2 Qe1+ 42. Kf3 Qf1+ 43. Kg4 Qxf8 44. Nc7 Qc8+ 45. Kh4 Qxc7 0-1


[Site "https://www.chess.com"]

[Event "Titled Tuesday Blitz November 01 Late 2022"]
[White "Barash, Anton"]
[Black "Poltorak, Sebastian"]
[WhiteFideId "30935229"]
[BlackFideId "1199498"]
[WhiteElo "2255"]
[BlackElo "2232"]
[Result "0-1"]
[Round "04"]
[TimeControl "180+1"]
[Date "2022.11.02"]
[WhiteClock "0:00:10"]
[BlackClock "0:01:23"]

1. e4 Nc6 2. d4 d5 3. exd5 Qxd5 4. Nf3 Bg4 5. Nc3 Qe6+ 6. Be2 Bxf3 7. gxf3 O-O-O 8. Be3 Nf6 9. Qd2 Nb4 10. a3 Nbd5 11. O-O-O g6 12. Rhg1 Bg7 13. Bc4 Qc6 14. Bb3 e6 15. h4 h5 16. Bg5 Nxc3 17. bxc3 Rd7 18. Kb2 Nd5 19. Qd3 Nb6 20. Ka2 Na4 21. Bd2 Nc5 22. Qc4 Nxb3 23. Qxc6 Nc1+ 24. Rxc1 bxc6 25. Rb1 c5 26. Be3 cxd4 27. cxd4 Bxd4 28. Rb3 Bxe3 29. fxe3 Rd2 30. Kb2 Rhd8 31. Rg5 R8d5 32. Rb4 Rxg5 33. hxg5 Rd5 34. Rf4 Rxg5 35. Rxf7 Rf5 36. Re7 e5 37. e4 Rxf3 38. Rxe5 Rg3 39. Ra5 h4 40. Rxa7 Kb8 41. Ra4 h3 42. e5 g5 43. e6 Re3 44. Rb4+ Kc8 45. Rg4 h2 0-1


[Site "https://www.chess.com"]

[Event "Titled Tuesday Blitz November 01 Late 2022"]
[White "Barria Zuniga, Daniel"]
[Black "Gallegos Diaz, Carlos Alberto"]
[WhiteFideId "3400816"]
[BlackFideId "3900886"]
[WhiteElo "2414"]
[BlackElo "2362"]
[Result "0-1"]
[Round "04"]
[TimeControl "180+1"]
[Date "2022.11.02"]
[WhiteClock "0:00:15"]
[BlackClock "0:00:22"]

1. c4 Nf6 2. Nc3 d6 3. d4 e5 4. e3 Be7 5. h3 O-O 6. g4 exd4 7. Qxd4 Nc6 8. Qd2 d5 9. cxd5 Nb4 10. Bg2 c6 11. e4 cxd5 12. exd5 Re8 13. Nge2 h5 14. g5 Nh7 15. h4 Bf5 16. O-O Bc5 17. a3 Nd3 18. Nf4 Nxf4 19. Qxf4 Bg6 20. b4 Bd6 21. Qd2 Rc8 22. Bb2 Qd7 23. f4 Qg4 24. Qf2 Rc4 25. Rae1 Rxe1 26. Qxe1 Rxf4 27. Rxf4 Qxf4 28. Nb5 Qh2+ 29. Kf1 Bd3+ 30. Kf2 Bg3+ 31. Kf3 Bxe1 0-1


[Site "https://www.chess.com"]

[Event "Titled Tuesday Blitz November 01 Late 2022"]
[White "Bartel, Mateusz"]
[Black "Indjic, Aleksandar"]
[WhiteFideId "1112635"]
[BlackFideId "911925"]
[WhiteElo "2530"]
[BlackElo "2592"]
[Result "1-0"]
[Round "04"]
[TimeControl "180+1"]
[Date "2022.11.01"]
[WhiteClock "0:00:10"]
[BlackClock "0:00:04"]

1. e4 e5 2. Nc3 Nf6 3. g3 Bc5 4. Bg2 Nc6 5. Nge2 a6 6. h3 d6 7. d3 Be6 8. Nd5 h6 9. c3 Ba7 10. O-O O-O 11. Kh2 Bxd5 12. exd5 Ne7 13. Qb3 Rb8 14. f4 c6 15. fxe5 dxe5 16. Rxf6 gxf6 17. Bxh6 Re8 18. Rf1 Nxd5 19. Qc4 f5 20. Rxf5 Re6 21. Bg5 Qd7 22. Qe4 Rbe8 23. h4 Ne7 24. Rxf7 Kxf7 25. Qh7+ Kf8 26. Bh3 Rd8 27. Bh6+ Rxh6 28. Qxh6+ Kf7 29. Qh7+ Kf6 30. Bxd7 Rxd7 31. g4 Ke6 32. Ng3 Be3 33. Kg2 Bf4 34. Ne4 b6 35. Kf2 c5 36. Ke2 c4 37. dxc4 Rc7 38. b3 b5 39. c5 Kd5 40. b4 Kc6 41. Qg7 Kd5 42. Nd6 Kc6 43. Qf7 Nd5 44. Qe8+ Rd7 45. Qa8+ Kc7 46. Qb7+ Kd8 47. Qxd5 1-0


[Site "https://www.chess.com"]

[Event "Titled Tuesday Blitz November 01 Late 2022"]
[White "Bazzano, Sebastian"]
[Black "Arnold, Ken"]
[WhiteFideId "104566"]
[BlackFideId "2056836"]
[WhiteElo "2231"]
[BlackElo "2312"]
[Result "0-1"]
[Round "04"]
[TimeControl "180+1"]
[Date "2022.11.02"]
[WhiteClock "0:00:01"]
[BlackClock "0:01:50"]

1. d4 d5 2. Bf4 c6 3. c3 Nf6 4. Nd2 Bf5 5. e3 Nbd7 6. Ngf3 e6 7. h3 Be7 8. Ne5 Nxe5 9. Bxe5 Qb6 10. Qb3 O-O 11. Be2 Rfc8 12. O-O Nd7 13. Nf3 Nxe5 14. Nxe5 Qc7 15. Qd1 Bd6 16. f4 f6 17. Nf3 Re8 18. Bd3 g6 19. g4 Bxd3 20. Qxd3 e5 21. fxe5 fxe5 22. dxe5 Bxe5 23. Nxe5 Qxe5 24. Rf3 Re7 25. Raf1 Rae8 26. Qd4 a6 27. Qxe5 Rxe5 28. Rf7 R5e7 29. Rxe7 Rxe7 30. Rf3 Kg7 31. Kf2 Re4 32. Rf4 Re7 33. a4 g5 34. Rf5 h6 35. Kf3 Re4 36. b3 b5 37. axb5 axb5 38. Kf2 b4 0-1


[Site "https://www.chess.com"]

[Event "Titled Tuesday Blitz November 01 Late 2022"]
[White "Becerra, Juan David"]
[Black "Rorrer, Grayson"]
[WhiteFideId "4404998"]
[BlackFideId "30944996"]
[WhiteElo "2493"]
[BlackElo "2739"]
[Result "1/2-1/2"]
[Round "04"]
[TimeControl "180+1"]
[Date "2022.11.02"]
[WhiteClock "0:00:49"]
[BlackClock "0:00:52"]

1. e4 c5 2. c3 d5 3. exd5 Qxd5 4. d4 Nf6 5. Nf3 Bg4 6. Be2 e6 7. h3 Bh5 8. c4 Qd8 9. Nc3 cxd4 10. Nxd4 Bxe2 11. Qa4+ Qd7 12. Qxd7+ Nbxd7 13. Ndxe2 Ne5 14. b3 Nd3+ 15. Kf1 Bc5 16. Be3 Bxe3 17. fxe3 Ke7 18. Nf4 Rad8 19. Ke2 Nxf4+ 20. exf4 Nh5 21. Ke3 Ng3 22. Rhd1 Nf5+ 23. Ke4 h5 24. Rxd8 Rxd8 25. Rd1 Rc8 26. g4 hxg4 27. hxg4 Nd6+ 28. Kf3 b6 29. Ne4 Rd8 30. Nxd6 Rxd6 31. Rxd6 Kxd6 32. b4 f6 33. Ke4 g6 34. g5 fxg5 35. fxg5 a5 36. a3 e5 37. c5+ bxc5 38. bxc5+ Kxc5 39. Kxe5 Kc4 40. Kf6 Kb3 41. Kxg6 Kxa3 42. Kf5 Kb2 43. g6 a4 44. g7 a3 45. g8=Q a2 46. Qg2+ Kb1 47. Qf1+ Kb2 48. Qe2+ Kb1 49. Qd1+ Kb2 50. Qd2+ Kb1 51. Qb4+ Ka1 52. Qc3+ Kb1 53. Qb3+ Ka1 54. Ke4 1/2-1/2


[Site "https://www.chess.com"]

[Event "Titled Tuesday Blitz November 01 Late 2022"]
[White "Beerdsen, Thomas"]
[Black "Aizpurua, Patrick Emilio"]
[WhiteFideId "1030108"]
[BlackFideId "6600522"]
[WhiteElo "2824"]
[BlackElo "2563"]
[Result "1-0"]
[Round "04"]
[TimeControl "180+1"]
[Date "2022.11.02"]
[WhiteClock "0:02:05"]
[BlackClock "0:01:25"]

1. g4 d5 2. Bg2 c6 3. c4 dxc4 4. Na3 h5 5. gxh5 Nf6 6. Nxc4 Nxh5 7. d3 Nd7 8. Nf3 Qc7 9. Qc2 Nf4 10. Bxf4 Qxf4 11. e3 Qg4 12. Rg1 Qh5 13. O-O-O Nb6 14. Nd4 Bd7 15. Kb1 e6 16. Bf3 Qc5 17. Nb3 Qb5 18. Rxg7 Rxh2 19. Rg8 O-O-O 20. Rxf8 Rxf8 21. Nd6+ Kb8 22. Nxb5 cxb5 23. Nc5 Bc8 24. Qc3 f6 25. Qd4 Rxf2 1-0


[Site "https://www.chess.com"]

[Event "Titled Tuesday Blitz November 01 Late 2022"]
[White "Bernat, David"]
[Black "Krishnan, Varun"]
[WhiteFideId "2099225"]
[BlackFideId "5054508"]
[WhiteElo "2291"]
[BlackElo "2491"]
[Result "0-1"]
[Round "04"]
[TimeControl "180+1"]
[Date "2022.11.02"]
[WhiteClock "0:00:01"]
[BlackClock "0:00:54"]

1. c4 Nf6 2. Nc3 e5 3. g3 c6 4. Nf3 e4 5. Nd4 d5 6. cxd5 cxd5 7. Bg2 a6 8. a4 Bc5 9. Nb3 Ba7 10. d3 exd3 11. Qxd3 Be6 12. O-O O-O 13. Rd1 Ng4 14. e3 Qf6 15. Qe2 Nc6 16. Nxd5 Qe5 17. h3 Nf6 18. Nxf6+ Qxf6 19. Nd4 Nxd4 20. exd4 Bxd4 21. Bg5 Qxg5 22. Rxd4 Qc5 23. Rad1 Rab8 24. b4 Qc3 25. Qd2 Qa3 26. a5 b6 27. Rd6 bxa5 28. bxa5 Bc4 29. Qd4 Bb5 30. Ra1 Qb3 31. Bd5 Qc2 32. Re1 Qc7 33. Rb6 Rbd8 34. Qe4 Qc3 35. Qe3 Qxe3 36. Rxe3 Rxd5 37. Re7 h6 38. Kh2 Rd2 39. Kg2 Ra2 40. g4 Rxa5 41. h4 Ra1 42. g5 hxg5 43. hxg5 g6 44. Rb8 0-1


[Site "https://www.chess.com"]

[Event "Titled Tuesday Blitz November 01 Late 2022"]
[White "Bersamina, Paulo"]
[Black "D`Arruda, Ricardo D."]
[WhiteFideId "5206995"]
[BlackFideId "100692"]
[WhiteElo "2332"]
[BlackElo "2490"]
[Result "1-0"]
[Round "04"]
[TimeControl "180+1"]
[Date "2022.11.02"]
[WhiteClock "0:01:21"]
[BlackClock "0:00:07"]

1. e4 c5 2. Nc3 Nc6 3. Nf3 e6 4. d4 cxd4 5. Nxd4 a6 6. g3 d6 7. Bg2 Nf6 8. O-O Be7 9. Nxc6 bxc6 10. e5 Nd5 11. exd6 Bxd6 12. Ne4 Be7 13. c4 Nb6 14. Qxd8+ Kxd8 15. Rd1+ Ke8 16. Nd6+ Bxd6 17. Bxc6+ Ke7 18. Bxa8 Nxa8 19. Be3 Nc7 20. b3 Bb7 21. Rd2 Bc6 22. Rad1 Bb4 23. Rd3 e5 24. f4 e4 25. Rd4 Bc5 26. Rxe4+ Bxe4 27. Bxc5+ Kf6 28. Rd6+ Ne6 29. Rxa6 Ra8 30. Bd4+ Kf5 31. Rxa8 Bxa8 32. Be3 Ke4 33. Kf2 Kd3 34. g4 g6 35. h4 f5 36. gxf5 gxf5 37. h5 Kc3 38. Kg3 Kb2 39. b4 Kxa2 40. b5 Kb3 41. c5 Kc4 42. b6 Kd5 43. h6 Bc6 44. Kh4 Ke4 45. Bc1 Nxc5 46. Kg5 Nd7 47. Bd2 Bb7 48. Bc1 1-0


[Site "https://www.chess.com"]

[Event "Titled Tuesday Blitz November 01 Late 2022"]
[White "Besedes, Danilo"]
[Black "Kilic, Eray"]
[WhiteFideId "946796"]
[BlackFideId "44517173"]
[WhiteElo "2352"]
[BlackElo "2328"]
[Result "0-1"]
[Round "04"]
[TimeControl "180+1"]
[Date "2022.11.01"]
[WhiteClock "0:00:01"]
[BlackClock "0:01:09"]

1. Nf3 Nf6 2. d3 g6 3. Bd2 d5 4. Bc3 Bg7 5. Nbd2 O-O 6. e4 Nc6 7. exd5 Qxd5 8. g3 e5 9. Bg2 Qd6 10. O-O Be6 11. Re1 Nd5 12. Ne4 Nxc3 13. bxc3 Qe7 14. Rb1 Rab8 15. a4 Rfd8 16. Qc1 Bd5 17. Rb5 a6 18. Rb1 h6 19. Ned2 Qc5 20. c4 Be6 21. Ne4 Qa5 22. Qa3 Bf8 23. Qb3 b5 24. axb5 axb5 25. Ra1 bxc4 26. Qxb8 Qxe1+ 27. Nxe1 Rxb8 28. Nf6+ Kg7 29. Nh5+ gxh5 30. Bxc6 c3 31. Kf1 Rb2 32. Ke2 Bc5 33. Ba4 Kf6 34. Nf3 Bg4 35. Bb3 Ke7 36. Ra5 Bd6 37. Ra4 f5 38. Ke3 Bc5+ 39. d4 Bxf3 40. dxc5 Be4 41. Rc4 Bxc2 42. Bxc2 Rxc2 43. h4 Ke6 44. f3 Kd5 45. Kd3 Rf2 0-1


[Site "https://www.chess.com"]

[Event "Titled Tuesday Blitz November 01 Late 2022"]
[White "Bilan, Danila"]
[Black "Silvestre, Christian"]
[WhiteFideId "24161918"]
[BlackFideId "30956269"]
[WhiteElo "2203"]
[BlackElo "2352"]
[Result "1-0"]
[Round "04"]
[TimeControl "180+1"]
[Date "2022.11.02"]
[WhiteClock "0:00:46"]
[BlackClock "0:00:57"]

1. d4 Nf6 2. Nf3 g6 3. Bg5 Bg7 4. c3 d6 5. Nbd2 Nbd7 6. e4 h6 7. Bh4 e5 8. dxe5 Nxe5 9. Nxe5 dxe5 10. Qc2 Qe7 11. Bc4 O-O 12. O-O Bd7 13. Rfe1 Bc6 14. f3 Rad8 15. Bf2 Nh5 16. Nf1 Nf4 17. Rad1 Qg5 18. Ne3 Nh3+ 19. Kf1 Nxf2 20. Qxf2 Bf6 21. Rxd8 Rxd8 22. Bd5 Be7 23. Bxc6 bxc6 24. Nc4 Qf6 25. Qxa7 Qe6 26. b3 Rd3 27. Qxc7 Bh4 28. Rc1 Qf6 29. Qxe5 Rxf3+ 30. Kg1 Bf2+ 31. Kh1 Qh4 32. gxf3 Qh3 33. Qf4 g5 34. Qg4 1-0


[Site "https://www.chess.com"]

[Event "Titled Tuesday Blitz November 01 Late 2022"]
[White "Bogaudinov, Rushan"]
[Black "Aldokhin, Ivan"]
[WhiteFideId "4129288"]
[BlackFideId "24115720"]
[WhiteElo "1945"]
[BlackElo "2313"]
[Result "0-1"]
[Round "04"]
[TimeControl "180+1"]
[Date "2022.11.02"]
[WhiteClock "0:00:01"]
[BlackClock "0:00:05"]

1. e4 c5 2. Nf3 e6 3. g3 d5 4. exd5 exd5 5. Bg2 Nf6 6. O-O d4 7. Re1+ Be7 8. d3 O-O 9. Nbd2 Nc6 10. Nc4 Bg4 11. h3 Bh5 12. g4 Bg6 13. Bf4 Nd5 14. Bg3 f5 15. Nfe5 f4 16. Bh2 Be8 17. Nxc6 bxc6 18. Qe2 Bh4 19. Bf3 Rc8 20. a3 Rc7 21. Qd2 Rcf7 22. Qa5 Bxf2+ 23. Kxf2 Qh4+ 24. Kg2 Ne3+ 25. Nxe3 fxe3 26. Bg3 Qg5 27. Rf1 Rxf3 28. Rxf3 Rxf3 29. Kxf3 Qd5+ 30. Ke2 Qg2+ 31. Kd1 Qf3+ 32. Kc1 Qxg3 33. b4 Qe1+ 34. Kb2 Qc3+ 35. Kb1 e2 36. Qd8 e1=Q+ 37. Ka2 Qexa1# 0-1


[Site "https://www.chess.com"]

[Event "Titled Tuesday Blitz November 01 Late 2022"]
[White "Bortnyk, Olexandr"]
[Black "Baskakov, Egor"]
[WhiteFideId "14120828"]
[BlackFideId "24197866"]
[WhiteElo "2723"]
[BlackElo "2211"]
[Result "1-0"]
[Round "04"]
[TimeControl "180+1"]
[Date "2022.11.01"]
[WhiteClock "0:00:45"]
[BlackClock "0:00:13"]

1. d4 Nf6 2. Nc3 d5 3. Bf4 g6 4. e3 Bg7 5. h4 h6 6. Nb5 Na6 7. Nf3 c6 8. Nc3 Nc7 9. Ne5 h5 10. Bd3 Ne6 11. Bg3 Nf8 12. Ne2 Ng4 13. Nf3 Nd7 14. c4 dxc4 15. Bxc4 e5 16. dxe5 Qa5+ 17. Nc3 Ndxe5 18. Nxe5 Nxe5 19. Bb3 Bg4 20. Qc2 Rd8 21. O-O O-O 22. Bxe5 Qxe5 23. Qxg6 Rd6 24. Qg5 Qxg5 25. hxg5 Rd2 26. g6 Be6 27. Bxe6 fxe6 28. Ne4 Rxb2 29. Rad1 Rxa2 30. Rd7 Rb2 31. Ng5 Rf6 32. Rd8+ Rf8 33. Rxf8+ Bxf8 34. Rd1 Rb5 35. Nxe6 Rd5 36. Rb1 b6 37. f4 Bc5 38. Kf2 b5 39. Rc1 Bb6 40. Rxc6 1-0


[Site "https://www.chess.com"]

[Event "Titled Tuesday Blitz November 01 Late 2022"]
[White "Boruchovsky, Avital"]
[Black "Deac, Bogdan-Daniel"]
[WhiteFideId "2800055"]
[BlackFideId "1226380"]
[WhiteElo "2466"]
[BlackElo "2648"]
[Result "1-0"]
[Round "04"]
[TimeControl "180+1"]
[Date "2022.11.01"]
[WhiteClock "0:00:11"]
[BlackClock "0:00:03"]

1. Nf3 d5 2. g3 Nf6 3. Bg2 e6 4. O-O Be7 5. c4 O-O 6. b3 c5 7. Bb2 Nc6 8. d4 dxc4 9. bxc4 Qb6 10. Qb3 cxd4 11. Qxb6 axb6 12. Nxd4 Bd7 13. Nd2 Rfc8 14. Nb5 Na5 15. Rac1 Bb4 16. Rfd1 Bxd2 17. Rxd2 Rxc4 18. Nd6 Rxc1+ 19. Bxc1 Bc6 20. e4 b5 21. e5 Nd7 22. f4 Nb6 23. Rc2 Nac4 24. Bf1 Nxd6 25. exd6 Kf8 26. Be3 Nd5 27. Bc5 Ke8 28. Rb2 Kd7 29. a3 Rxa3 30. Bxa3 1-0


[Site "https://www.chess.com"]

[Event "Titled Tuesday Blitz November 01 Late 2022"]
[White "Buchenau, Frank"]
[Black "Joubert, Dantelle"]
[WhiteFideId "4604350"]
[BlackFideId "14310813"]
[WhiteElo "2157"]
[BlackElo "1507"]
[Result "1-0"]
[Round "04"]
[TimeControl "180+1"]
[Date "2022.11.02"]
[WhiteClock "0:01:36"]
[BlackClock "0:00:01"]

1. e4 e5 2. Bc4 Nc6 3. Nf3 Bc5 4. c3 Nf6 5. d3 O-O 6. O-O a6 7. Nbd2 Ba7 8. Re1 d6 9. h3 Be6 10. Bxe6 fxe6 11. Nf1 Nh5 12. Be3 Nf4 13. d4 exd4 14. cxd4 Qe7 15. Ng3 h6 16. Rc1 Qf7 17. Kh2 Rac8 18. d5 Bxe3 19. fxe3 e5 20. dxc6 Nxh3 21. Kxh3 bxc6 22. Nf5 Qd7 23. Kh2 1-0


[Site "https://www.chess.com"]